 Dungeon Crawl Stone Soup version 0.29-a0-845-g6161e89988 (webtiles) character file.

Game seed: 1168675441869622595

544 mathmaestro the Grave Robber (level 7, 42/42 HPs)
             Began as a Kobold Necromancer on July 16, 2022.
             Quit the game on level 4 of the Dungeon.
             The game lasted 00:12:32 (4363 turns).

mathmaestro the Grave Robber (Kobold Necromancer)   Turns: 4363, Time: 00:12:32

Health: 42/42      AC:  7    Str:  5    XL:     7   Next: 52%
Magic:  13/13      EV: 14    Int: 19    God:
Gold:   165        SH:  0    Dex: 15    Spells: 1/14 levels left

rFire   . . .      SeeInvis .   a - +3 short sword (protect)
rCold   . . .      Faith    .   (no shield)
rNeg    . . .      Spirit   .   u - +2 leather armour {rPois}
rPois   +          Reflect  .   (no helmet)
rElec   .          Harm     .   m - +0 cloak
rCorr   .          Rampage  .   b - +0 pair of gloves
Will    .....                   (no boots)
Stlth   +++.......              d - amulet of regeneration
HPRegen 0.94/turn               (no ring)
MPRegen 0.13/turn               (no ring)

@: no status effects
A: small, no large weapons, nightstalker 3
a: no special abilities


You were on level 4 of the Dungeon.
You visited 1 branch of the dungeon, and saw 4 of its levels.

You collected 165 gold pieces.

Inventory:

Hand Weapons
 a - a +3 short sword of protection (weapon)
 j - a +0 hand axe
Missiles
 q - 2 boomerangs
Armour
 b - a +0 pair of gloves (worn)
 m - a +0 cloak (worn)
 u - a +2 leather armour of poison resistance (worn)
Jewellery
 d - an amulet of regeneration (around neck)
Scrolls
 f - a scroll of amnesia
 g - 2 scrolls of poison
 i - a scroll of enchant armour
 p - 2 scrolls of teleportation
Potions
 c - 2 potions of curing {unknown}
 e - a potion of brilliance {unknown}
 h - 2 potions of flight
 k - 2 potions of might
 l - 2 potions of degeneration {unknown}
 n - a potion of haste {unknown}
 r - a potion of resistance {unknown}
 s - 2 potions of invisibility {unknown}


   Skills:
 + Level 3.7 Fighting
 + Level 2.7 Armour
 - Level 3.0 Dodging
 - Level 3.0 Stealth
 + Level 4.2 Spellcasting
 + Level 5.4 Necromancy


You had one spell level left.
You knew the following spells:

 Your Spells              Type           Power      Damage    Failure   Level
a - Necrotise             Necr           96%        1d8       2%          1
b - Vampiric Draining     Necr           24%        2d7       7%          3
c - Animate Dead          Necr           24%        N/A       24%         4
d - Agony                 Necr           24%        N/A       54%         5

Your spell library contained the following spells:

 Spells                   Type           Power      Damage    Failure   Level


Dungeon Overview and Level Annotations

Branches:
Dungeon (4/15)
 Temple: D:4-7

Altars:
The Shining One


Innate Abilities, Weirdness & Mutations

You are small and have problems with some larger weapons.
You are completely attuned to the shadows.


Message History

A dart slug comes into view.
The dart slug launches a dart at you. The slug dart misses you.
The slug dart hits your ball python skeleton.
You hit the dart slug.
Your weapon exudes an aura of protection.
The dart slug is heavily wounded.
The dart slug closely misses you.
You hit the dart slug.
The dart slug is heavily wounded.
The dart slug misses you.
Your ball python skeleton bites the dart slug.
Your ball python skeleton grabs the dart slug.
Your ball python skeleton constricts the dart slug.
You hit the dart slug.
The dart slug is almost dead.
Your ball python skeleton bites the dart slug.
The dart slug dies!
No target in view!
No target in view!
No target in view!
No target in view!
No target in view!
No target in view!
No target in view!
You swap places.
You now have 149 gold pieces (gained 2).
Your ball python skeleton crumbles into dust!
You enter the shallow water.
Moving in this stuff is going to be slow.
i - 2 scrolls labelled RUADAUDUEWK You now have 154 gold pieces (gained 5).
You now have 165 gold pieces (gained 11).
Found a dagger.
As you read the scroll labelled RUADAUDUEWK, it crumbles to dust.
It is a scroll of enchant armour.
Your +1 leather armour of poison resistance glows green for a moment.
You see here a +0 dagger.
A hobgoblin comes into view.
Are you sure you want to abandon this character and quit the game? (Confirm with "yes".)

#..##...#,*,* #
*#####..#.#.#,*,* #
*...........*,,,* #
*.#####...############
*,* #.g...#...........
*.###.##..#.##########
#.....##..#.#
#......##...#
#....@.##...#
#.)....##...#
#...........#
#......##...#
##'#######..# #.# #..#
#.# ##># #.# ###
#############.#


You could see a hobgoblin (wandering).

Vanquished Creatures
  Sigmund (D:2)
  Crazy Yiuf (D:2)
  Jessica (D:2)
  Ijyb (D:3)
  Natasha (twice) (D:2)
  An iguana (D:4)
  5 adders
  6 gnolls
  A worm (D:2)
  9 dart slugs
  10 orcs
  10 ball pythons
  3 endoplasms
  2 giant cockroaches
  15 goblins
  9 hobgoblins
  6 kobolds
  6 quokkas
  4 bats
  2 frilled lizards
  4 rats
  A spectral goblin (D:1)
100 creatures vanquished.

Vanquished Creatures (collateral kills)
  2 dart slugs
2 creatures vanquished.

Grand Total: 102 creatures vanquished

Notes
Turn   | Place    | Note
-------+----------+-------------------------------------------
     0 | D:1      | mathmaestro the Kobold Necromancer began the quest for the
                  | Orb.
     0 | D:1      | Reached XP level 1. HP: 10/10 MP: 3/3
   184 | D:1      | Reached XP level 2. HP: 16/16 MP: 1/5
   512 | D:1      | Reached skill level 1 in Fighting
   797 | D:1      | Reached XP level 3. HP: 20/20 MP: 4/6
  1125 | D:1      | Found a faded altar of an unknown god.
  1356 | D:1      | Learned a level 3 spell: Vampiric Draining
  1382 | D:2      | Found a glowing golden altar of the Shining One.
  1398 | D:2      | Noticed Sigmund
  1420 | D:2      | Killed Sigmund
  1421 | D:2      | Reached skill level 1 in Armour
  1421 | D:2      | Reached XP level 4. HP: 8/27 MP: 3/8
  1421 | D:2      | Reached XP level 5. HP: 10/31 MP: 3/9
  1554 | D:2      | Reached XP level 6. HP: 36/36 MP: 4/11
  1803 | D:2      | Noticed Jessica
  1810 | D:2      | Killed Jessica
  2053 | D:2      | Found a runed translucent door.
  2056 | D:2      | Noticed Crazy Yiuf
  2065 | D:2      | Killed Crazy Yiuf
  2066 | D:2      | Reached skill level 5 in Necromancy
  2192 | D:2      | Noticed Natasha
  2200 | D:2      | Killed Natasha
  2323 | D:2      | Noticed Natasha
  2334 | D:2      | Killed Natasha
  2335 | D:2      | Reached XP level 7. HP: 41/41 MP: 7/12
  2829 | D:3      | Learned a level 4 spell: Animate Dead
  2975 | D:3      | Identified the +1 leather armour of Liorr {-Cast rPois
                  | Int-5 Dex+9}
  3007 | D:3      | Noticed Ijyb
  3029 | D:3      | Killed Ijyb
  3738 | D:4      | Learned a level 5 spell: Agony
  4363 | D:4      | Quit the game

Illustrated notes

Levels and vault maps discovered:
D:1:      nzn_arrival_depleted_hourglass, layout_basic,
          dreamdust_ecumenical_altar_drowned_temple
D:2:      layout_basic, basic_altar, uniq_sigmund, uniq_jessica,
          uniq_crazy_yiuf_cottage, uniq_natasha
D:3:      kennysheep_the_goblin_king, layout_loops_ring,
          chequers_serial_rivers_micro_c
D:4:      kennysheep_slugbush, layout_basic, minmay_vboxes

Skill      XL: |  1  2  3  4  5  6  7 |
---------------+----------------------+-----
Stealth        | 3 |  3.0
Fighting       | 1 2 3 |  3.7
Armour         | 1 2 |  2.7
Dodging        | 3 |  3.0
Spellcasting   | 3 4 |  4.2
Necromancy     | 5 |  5.4

Action                   |  1- 3 |  4- 6 |  7- 9 || total
-------------------------+-------+-------+-------++-------
Melee: Dagger            |    22 |       |       ||    22
       Punch             |     1 |       |     1 ||     2
       Short sword       |    13 |    38 |   104 ||   155
 Cast: Necrotise         |    23 |    35 |    62 ||   120
       Vampiric Draining |     1 |     2 |       ||     3
  Use: Scroll            |     3 |       |    10 ||    13
       Potion            |     1 |       |       ||     1
 Stab: Sleeping          |       |     6 |     2 ||     8
Armor: Leather armour    |     6 |     6 |    41 ||    53
Dodge: Dodged            |    22 |    32 |    82 ||   136

Table legend: (Time is in decaauts)
 A = Elapsed time spent in this place.
 B = Non-inter-level travel time spent in this place.
 C = Inter-level travel time spent in this place.
 D = Time resting spent in this place.
 E = Time spent auto-exploring this place.
 F = Levels seen in this place.
 G = Mean time per level.
                   A        B        C        D        E       F      G
               +--------+--------+--------+--------+--------+-----+--------+
         Total |   4384 |   4287 |     97 |    263 |   3186 |   4 | 1096.0 |
       Dungeon |   4384 |   4287 |     97 |    263 |   3186 |   4 | 1096.0 |
               +--------+--------+--------+--------+--------+-----+--------+

Top non-repeatable levels by time:
     D:1: 1385 daAuts
     D:3: 1078 daAuts
     D:2: 1075 daAuts
     D:4: 844 daAuts
